 Dungeon Crawl Stone Soup version 0.30-a0-1123-gabc949cf19 (webtiles) character file.

Game seed: 9737551419963057751

1251 Mickster the Cleaver (level 8, 0/60 (71) HPs)
             Began as a Hill Orc Berserker on Apr 20, 2023.
             Was a Believer of Trog.
             Slain by a wight
             ... wielding a +5 scimitar
              (1 damage)
             ... on level 7 of the Dungeon on Apr 22, 2023.
             The game lasted 00:55:48 (5283 turns).

Mickster the Cleaver (Hill Orc Berserker)           Turns: 5283, Time: 00:55:50

HP:   0/60 (71)     AC: 14    Str: 22    XL:     8   Next: 51%
MP:   8/8           EV:  7    Int:  7    God:    Trog [**....]
Gold: 291           SH:  0    Dex: 10    Spells: 7/7 levels left

rFire   x . .        x - +3 flail (freeze)
rCold   + . .        (no shield)
rNeg    . . .        e - +0 plate armour
rPois   .            (no helmet)
rElec   .            r - +0 cloak
rCorr   .            (no gloves)
SInv    .            (no boots)
Will    ++...        (no amulet) Stlth
                     n - ring of ice
HPRegen 1.30/turn    (no ring)
MPRegen 0.11/turn

%: no passive effects
@: strong-willed, on berserk cooldown, regenerating, slowed, heavily drained,
very slow
A: no striking features
a: Renounce Religion, Berserk, Trog's Hand


You were on level 7 of the Dungeon.
You worshipped Trog.
Trog was pleased with you.
You visited 2 branches of the dungeon, and saw 8 of its levels.
You also visited: Sewer.

You collected 291 gold pieces.

Inventory:

Hand Weapons
 a - a +4 heavy hand axe
 p - a +0 short sword of venom
 t - a +0 shortbow
 u - a +0 halberd of venom
 v - the +7 sling "Ygaug" {flame, rN+ Will+ rCorr}
   (You found it on level 6 of the Dungeon)

   rN:        It protects you from negative energy.
   rCorr:     It protects you from acid and corrosion.
   Will:      It increases your willpower.
 w - a +1 dagger of holy wrath
 x - a +3 flail of freezing (weapon)
Missiles
 m - 9 poisoned darts
 y - 7 stones
Armour
 e - a +0 plate armour (worn)
 r - a +0 cloak (worn)
Jewellery
 n - a ring of ice (left hand)
Wands
 s - a wand of digging (5)
Scrolls
 g - 2 scrolls of blinking
 i - 2 scrolls of amnesia
 j - 2 scrolls of magic mapping
 o - a scroll of fear
Potions
 b - a potion of berserk rage (quivered)
 c - 4 potions of brilliance
 d - 2 potions of cancellation {unknown}
 f - a potion of heal wounds
 h - a potion of attraction
 k - 5 potions of curing
 l - 4 potions of haste
 q - a potion of resistance {unknown}


   Skills:
 + Level 6.5 Fighting
 - Level 9.0(9.2) Axes
 - Level 2.2(5.2) Polearms
 * Level 0.4 Throwing
 + Level 6.3 Armour
 + Level 2.1 Dodging
 + Level 0.9 Stealth


You had 7 spell levels left.
You didn't know any spells.
Your spell library was empty.

Dungeon Overview and Level Annotations

Branches:
Dungeon (7/15)             Temple (1/1) D:6           Sewer (visited)

Altars:
Cheibriados
Dithmenos
Elyvilon
Fedhas
Kikubaaqudgha
Makhleb
Nemelex Xobeh
Okawaru
Ru
Sif Muna
Trog
Uskayaw
Vehumet
Wu Jian
Xom
Yredelemnul
Zin
The Shining One

Shops:
D:7 :

Portals:
Ossuary: D:4


Message History

The wight hits you with a +5 scimitar!
You feel drained.
The wight hits you with a +0 great sword.
You feel drained. The wight hits you with a +0 mace.
You feel drained. The wight hits you but does no damage.
The wight hits you with a +5 scimitar.
* * * LOW HITPOINT WARNING * * *
You feel drained.
* * * LOW HITPOINT WARNING * * *
The wight hits you but does no damage.
Unknown command.
Your skin crawls.
You feel strong-willed. The wight completely misses you.
The wight hits you but does no damage. The wight hits you with a +0 mace.
* * * LOW HITPOINT WARNING * * *
You feel drained.
* * * LOW HITPOINT WARNING * * *
The wight hits you but does no damage.
The wight hits you with a +0 great sword.
* * * LOW HITPOINT WARNING * * *
The wight closely misses you.
Unknown command.
You feel much better.
The wight hits you with a +0 great sword!
The wight barely misses you. The wight closely misses you.
You closely miss the wight. The wight barely misses you.
The wight hits you with a +0 great sword!
You feel drained.
* * * LOW HITPOINT WARNING * * *
The wight closely misses you. The wight hits you but does no damage.
The wight hits you with a +5 scimitar!
* * * LOW HITPOINT WARNING * * *
The wight barely misses you.
You sock the wight!
You destroy the wight!
Trog accepts your kill. The wight hits you but does no damage.
The wight barely misses you. The wight hits you but does no damage.
The wight hits you with a +5 scimitar.
* * * LOW HITPOINT WARNING * * *
You feel drained.
You die...

. . ########.
........######
........##...
........+>.#
........#..#######
.................##
......z@)........∩#
......z.[........##
...........#######
####.#.##..# ...#.
#.... ... #. .....#
.... ####.#### ...
#.# #.#


You could see 2 wights.

Vanquished Creatures
  Grinder (Sewer)
  A steam dragon (D:6)
  A black bear (D:6)
  A kobold brigand (Sewer)
  3 scorpions (D:5)
  2 wights (D:7)
  2 quasits (Sewer)
  3 hounds (D:5)
  A jelly (D:6)
  A gnoll bouda (D:6)
  2 iguanas
  2 orc wizards
  3 gnolls (D:6)
  A river rat (D:6)
  4 adders
  A shadow imp (Sewer)
  A white imp (D:6)
  5 ufetubi (Sewer)
  3 worms
  A dart slug (D:3)
  13 orcs
  11 ball pythons
  6 endoplasms
  4 giant cockroaches
  6 goblins
  6 hobgoblins
  9 jackals
  4 quokkas
  7 bats
  2 frilled lizards
  A giant cockroach zombie (Sewer)
  17 kobolds
  A rat (D:3)
126 creatures vanquished.

Notes
Turn   | Place    | Note
-------+----------+-------------------------------------------
     0 | D:1      | Mickster the Hill Orc Berserker began the quest for the
                  | Orb.
     0 | D:1      | Reached XP level 1. HP: 19/19 MP: 1/1
   179 | D:1      | Reached XP level 2. HP: 25/27 MP: 2/2
   446 | D:1      | Found a faded altar of an unknown god.
   484 | D:1      | Upgraded the game from 0.30-a0-1112-gfb780f5df6 to
                  | 0.30-a0-1116-gebefce21f7
   602 | D:2      | Reached XP level 3. HP: 23/33 MP: 3/3
  1239 | D:2      | Found a bloodstained altar of Trog.
  1274 | D:2      | Reached skill level 5 in Axes
  1656 | D:3      | Reached ** piety under Trog
  1666 | D:3      | Reached XP level 4. HP: 22/41 MP: 4/4
  1875 | D:3      | Found an ancient bone altar of Kikubaaqudgha.
  1952 | D:3      | Reached skill level 6 in Axes
  1952 | D:3      | Reached XP level 5. HP: 43/47 MP: 5/5
  2277 | D:4      | Found a sand-covered staircase.
  2633 | D:5      | Entered Level 5 of the Dungeon
  2931 | D:5      | Reached XP level 6. HP: 27/55 MP: 6/6
  2964 | D:5      | Reached skill level 5 in Fighting
  2972 | D:5      | Reached skill level 7 in Axes
  3197 | D:5      | Upgraded the game from 0.30-a0-1116-gebefce21f7 to
                  | 0.30-a0-1123-gabc949cf19
  3283 | D:5      | Reached XP level 7. HP: 61/61 MP: 7/7
  3729 | D:6      | Found a glowing drain.
  3734 | Sewer    | Entered a sewer
  3862 | Sewer    | Found a burning altar of Makhleb.
  3916 | Sewer    | Reached skill level 5 in Armour
  3951 | Sewer    | Noticed Grinder
  3964 | Sewer    | Killed Grinder
  3965 | Sewer    | Reached skill level 8 in Axes
  4144 | D:6      | Found a staircase to the Ecumenical Temple.
  4175 | D:6      | Reached XP level 8. HP: 59/70 MP: 8/8
  4343 | D:6      | Reached skill level 9 in Axes
  4548 | D:6      | Identified the +7 sling "Ygaug" {flame, rN+ Will+ rCorr}
  4585 | D:6      | Reached skill level 1 in Polearms
  4588 | D:6      | HP: 3/70 [steam dragon] (4)]
  5175 | Temple   | Entered the Ecumenical Temple
  5247 | D:7      | Found Gilenytiky's Tremendous Tomes.
  5283 | D:7      | HP: 1/61 [wight/+5 scimitar (6)]
  5283 | D:7      | Slain by a wight

Illustrated notes

Levels and vault maps discovered:
D:1:      lemuel_arrival_behind_the_door_large, layout_loops_cross,
          nicolae_ecumenical_snake_handling
D:2:      layout_loops_corners, basic_altar, st_stairs_7,
          nicolae_elevator_lobby_asterisk
D:3:      layout_loops_ring, mainiacjoe_overflow_chevrons, minmay_starry_boxes
D:4:      layout_cave_pools, mainiacjoe_overflow_swirl,
          nicolae_ossuary_entry_ruins
D:5:      layout_basic
D:6:      layout_basic, temple_fountains, gup_sewer_entry_bowl,
          hangedman_abyss_or_decor_lesser_grid
D:7:      layout_basic, grunt_livestock, nicolae_shop_i_like_big_books
Temple:   sentei_temple_godly_chess

Skill      XL: |  1  2  3  4  5  6  7  8 |
---------------+-------------------------+-----
Fighting       | 4 5 6 |  6.5
Axes           | 5 6 7 8 9 |  9.0
Armour         | 3 4 5 6 |  6.3
Dodging        | 2 |  2.1
Polearms       | 2 |  2.2
Throwing       | |  0.4
Stealth        | |  0.9

Action                     |  1- 3 |  4- 6 |  7- 9 || total
---------------------------+-------+-------+-------++-------
  Melee: Hand axe          |    97 |    90 |   110 ||   297
         Punch             |     2 |       |       ||     2
         Halberd           |       |       |    26 ||    26
         Flail             |       |       |     7 ||     7
 Invoke: Berserk           |     2 |     3 |     7 ||    12
         Trog's Hand       |       |     2 |     5 ||     7
    Use: Potion            |     5 |     3 |     2 ||    10
         Scroll            |     4 |     7 |     3 ||    14
 Armour: Plate armour      |   107 |    85 |   208 ||   400
         Ring mail         |     5 |       |       ||     5
  Dodge: Dodged            |    57 |    52 |   102 ||   211

Table legend: (Time is in decaauts)
 A = Elapsed time spent in this place.
 B = Non-inter-level travel time spent in this place.
 C = Inter-level travel time spent in this place.
 D = Time resting spent in this place.
 E = Time spent auto-exploring this place.
 F = Levels seen in this place.
 G = Mean time per level.
                   A        B        C        D        E       F      G
               +--------+--------+--------+--------+--------+-----+--------+
         Total |   5491 |   5290 |    201 |   1025 |      0 |   9 |  610.1 |
       Dungeon |   5041 |   4840 |    201 |   1025 |      0 |   7 |  720.1 |
        Temple |     19 |     19 |      0 |      0 |      0 |   1 |   19.0 |
         Sewer |    429 |    429 |      0 |      0 |      0 |   1 |  429.0 |
               +--------+--------+--------+--------+--------+-----+--------+

Top non-repeatable levels by time:
     D:6: 1268 daAuts
     D:2: 1060 daAuts
     D:5: 1031 daAuts
     D:1: 594 daAuts
     D:4: 544 daAuts
     D:3: 498 daAuts
   Sewer: 429 daAuts
     D:7: 43 daAuts
  Temple: 19 daAuts
